 Dungeon Crawl Stone Soup version 0.22-a0-430-g6609fc6 (webtiles) character file.

12674 torrenera the Grappler (level 11, -13/117 HPs)
             Began as a Troll Monk on May 26, 2018.
             Was an Elder of Makhleb.
             Mangled by a red ugly thing (22 damage)
             ... on level 10 of the Dungeon.
             The game lasted 00:19:07 (11425 turns).

torrenera the Grappler (Troll Monk)                Turns: 11425, Time: 00:19:08

Health: -13/117    AC:  8    Str: 24    XL:     11   Next: 65%
Magic:  16/16      EV: 11    Int:  6    God:    Makhleb [****..]
Gold:   1058       SH:  0    Dex: 12    Spells: 10/10 levels left

rFire    . . .     SeeInvis .     - Unarmed
rCold    . . .     Gourm    +   (no shield)
rNeg     . . .     Faith    .   H - +2 robe {MR+}
rPois    .         Spirit   .   (helmet restricted)
rElec    .         Reflect  .   n - +0 cloak
rCorr    .         Harm     .   (gloves unavailable)
MR       +....                  (boots unavailable)
Stlth    +.........             (no amulet)
HPRegen  0.69/turn              (no ring)
MPRegen  0.15/turn              (no ring)

@: drained
A: large, unfitting armour, claws 3, fast metabolism 3, gourmand, regeneration
1, shaggy fur 1, tough skin 2
a: Minor Destruction, Lesser Servant of Makhleb, Major Destruction, Renounce
Religion


You were on level 10 of the Dungeon.
You worshipped Makhleb.
Makhleb was greatly pleased with you.
You were very full.

You visited 2 branches of the dungeon, and saw 12 of its levels.
You also visited: Sewer.

You collected 1058 gold pieces.

Inventory:

Hand Weapons
 a - a +0 blowgun
 q - a +3 blowgun
Missiles
 e - 398 stones (quivered)
 r - 69 poisoned needles
 u - 11 tomahawks
 v - 3 needles of sleeping
 G - 5 large rocks
Armour
 n - a +0 cloak (worn)
 H - a +2 robe of magic resistance (worn)
Magical Staves
 w - an uncursed staff of conjuration {unknown}
 x - an uncursed staff of summoning {unknown}
 D - an uncursed staff of fire {unknown}
Jewellery
 C - a cursed -3 ring of evasion {unknown}
 E - an uncursed ring of ice {unknown}
 I - an uncursed ring of ice {unknown}
Wands
 p - a wand of flame (39)
 F - a wand of polymorph (10)
 J - a wand of enslavement (12)
 L - a wand of paralysis (9)
 N - a wand of scattershot (5)
Scrolls
 c - 4 scrolls of fog {unknown}
 d - 4 scrolls of enchant armour {unknown}
 f - 8 scrolls of identify {unknown}
 j - 5 scrolls of teleportation {unknown}
 k - a scroll of immolation {unknown}
 m - 2 scrolls of amnesia {unknown}
 s - 2 scrolls of random uselessness {unknown}
 t - 9 scrolls of remove curse {unknown}
 B - a scroll of magic mapping {unknown}
Potions
 g - 2 potions of mutation {unknown}
 h - a potion of brilliance {unknown}
 i - a potion of heal wounds {unknown}
 l - 6 potions of flight {unknown}
 z - a potion of curing {unknown}
 A - a potion of lignification {unknown}
 M - a potion of ambrosia {unknown}
Miscellaneous
 o - a phial of floods
 y - a phantom mirror
Comestibles
 b - 20 rations


   Skills:
 - Level 10.1(9.5) Fighting
 + Level 4.8(4.3) Dodging
 - Level 1.0(0.5) Stealth
 - Level 11.0(10.3) Unarmed Combat
 - Level 8.3(7.7) Invocations


You had 10 spell levels left.
You didn't know any spells.
Your spell library contained the following spells:

 Spells                   Type           Power        Failure   Level  Hunger
 Confuse                  Hex            #.......     83%         3    ####...
 Confusing Touch          Hex            #.....       45%         1    ##.....
 Metabolic Englaciation   Hex/Ice        #.........   100%        5    ######.
 Petrify                  Tmut/Erth      #.......     99%         4    #####..
 Gell's Gravitas          Tloc           #.........   83%         3    ####...
 Yara's Violent Unravell  Hex/Tmut       #.........   100%        5    ######.


Dungeon Overview and Level Annotations

Branches:
Dungeon (11/15)            Temple (1/1) D:5            Lair (0/6) D:9
    Orc (0/2) D:9

Altars:
Ashenzari
Cheibriados
Dithmenos
Elyvilon
Fedhas
Gozag
Hepliaklqana
Kikubaaqudgha
Makhleb
Nemelex Xobeh
Okawaru
Qazlal
Ru
Sif Muna
Trog
Uskayaw
Vehumet
Wu Jian
Xom
Yredelemnul
Zin
The Shining One
Beogh

Annotations:
D:6 2 runed doors


Innate Abilities, Weirdness & Mutations

You are too large for most types of armour.
You have claws for hands.
Your metabolism is lightning-fast.
You like to eat raw meat.
Your natural rate of healing is unusually fast.
You are covered in fur. (AC +1)
You have very tough skin. (AC +2)


Message History

The red ugly thing is moderately wounded.
The red ugly thing trunk-slaps you.
You are engulfed in flames!!
You scratch the red ugly thing.
The red ugly thing is heavily wounded.
The red ugly thing barely misses you.
You scratch the red ugly thing but do no damage.
The red ugly thing is heavily wounded.
The red ugly thing trunk-slaps you.
You are engulfed in flames!!
You scratch the red ugly thing. Your claw misses the red ugly thing.
The red ugly thing is heavily wounded.
You mangle the red ugly thing!!
The red ugly thing is almost dead.
The red ugly thing trunk-slaps you.
You are engulfed in flames!!
* * * LOW HITPOINT WARNING * * *
You closely miss the red ugly thing.
The red ugly thing is almost dead.
The red ugly thing trunk-slaps you!
* * * LOW HITPOINT WARNING * * *
You are engulfed in flames!!
You die...

###.###.#
#.##.##≈≈≈#
........#
#.^#.######
##..##### #....#
#..# #...<# #..#
#....# ##..#
##...# ....# ##..#
##.############u.#
................@#
.#.###############
.#.....#.#
.#.##....#
.#.....#.#
.#######.#
.........#
##########


You could see a red ugly thing.

Vanquished Creatures
  A centaur warrior (D:8)
  A two-headed ogre (D:9)
  An unseen horror (D:8)
  Pikel (D:7)
  The ghost of Slunt the Skirmisher, a novice HaAK of Lugonu (D:9)
  Maurice (D:10)
  A manticore (D:9)
  Psyche (D:8)
  The ghost of psellion the Skirmisher, a novice DsHu (D:5)
  3 hippogriffs (D:8)
  A wyvern (D:10)
  4 yaks (D:8)
  A wraith (D:5)
  A steam dragon (D:10)
  A basilisk (D:9)
  An acid dragon (D:8)
  4 porcupines
  Duvessa (D:4)
  Purgy (Sewer)
  A sky beast (D:7)
  3 orc warriors
  2 ice beasts (D:6)
  A slave (D:7)
  4 phantoms
  2 necrophages
  6 ogres
  6 centaurs
  3 crocodiles
  7 bullfrogs
  A wyvern zombie (D:9)
  A gnoll sergeant (D:3)
  Dowan (D:4)
  A water moccasin zombie (D:10)
  5 scorpions
  19 wights
  4 killer bees (D:10)
  A howler monkey (D:8)
  2 electric eels (D:10)
  5 crimson imps
  A centaur zombie (D:8)
  4 jellies
  6 hounds
  A bullfrog skeleton (D:5)
  6 orc priests
  Crazy Yiuf (D:2)
  A gnoll shaman (D:8)
  2 centaur skeletons
  6 iguanas
  8 orc wizards
  12 worker ants
  4 hound skeletons
  A hound zombie (D:5)
  A mummy (D:7)
  A worker ant zombie (D:8)
  14 gnolls
  A howler monkey zombie (D:7)
  13 adders
  3 shadow imps
  An ooze (D:4)
  2 adder zombies
  An adder skeleton (D:8)
  7 worms
  3 dart slugs
  6 leopard geckos
  41 orcs
  8 giant cockroaches
  5 goblins
  12 hobgoblins
  7 jackals
  14 kobolds
  5 quokkas
  8 bats
  5 frilled lizards
  A quokka zombie (D:5)
  2 rats (D:1)
  A fungus (D:3)
317 creatures vanquished.

Vanquished Creatures (others)
  2 fungi
  4 plants
6 creatures vanquished.

Grand Total: 323 creatures vanquished

Notes
Turn   | Place    | Note
-------+----------+-------------------------------------------
     0 | D:1      | torrenera the Troll Monk began the quest for the Orb.
     0 | D:1      | Reached XP level 1. HP: 22/22 MP: 0/0
   188 | D:1      | Reached XP level 2. HP: 29/29 MP: 1/1
   580 | D:1      | Reached skill level 4 in Unarmed Combat
   824 | D:2      | Reached XP level 3. HP: 31/36 MP: 2/2
  1077 | D:2      | Reached XP level 4. HP: 44/44 MP: 3/3
  1115 | D:2      | Reached skill level 5 in Unarmed Combat
  1169 | D:2      | Found a runed door.
  1173 | D:2      | Noticed Crazy Yiuf
  1270 | D:2      | Found an ornate altar of the Wu Jian Council.
  1540 | D:2      | Killed Crazy Yiuf
  1862 | D:3      | Found a faded altar of an unknown god.
  1959 | D:3      | Reached XP level 5. HP: 48/50 MP: 4/4
  2111 | D:3      | Found an iron altar of Okawaru.
  2406 | D:3      | Reached skill level 6 in Unarmed Combat
  2684 | D:4      | Reached XP level 6. HP: 28/59 MP: 5/5
  2774 | D:4      | Noticed Duvessa
  2774 | D:4      | Noticed Dowan
  2783 | D:4      | Killed Duvessa
  2783 | D:4      | Reached skill level 7 in Unarmed Combat
  2808 | D:4      | Killed Dowan
  2915 | D:4      | Reached skill level 8 in Unarmed Combat
  2915 | D:4      | Reached XP level 7. HP: 61/66 MP: 6/6
  3002 | D:4      | Reached skill level 9 in Unarmed Combat
  3586 | D:4      | Reached XP level 8. HP: 60/74 MP: 7/7
  3650 | D:5      | Entered Level 5 of the Dungeon
  3691 | D:5      | Reached skill level 10 in Unarmed Combat
  3794 | D:5      | Found a staircase to the Ecumenical Temple.
  4030 | D:5      | Noticed psellion's ghost (novice DsHu)
  4051 | D:5      | Killed psellion's ghost
  4389 | D:5      | Reached skill level 11 in Unarmed Combat
  4774 | D:5      | Reached XP level 9. HP: 87/87 MP: 8/8
  4776 | D:5      | Reached skill level 5 in Fighting
  5021 | Temple   | Entered the Ecumenical Temple
  5232 | Temple   | Became a worshipper of Makhleb the Destroyer
  5232 | Temple   | Reached * piety under Makhleb
  5232 | Temple   | Reached ** piety under Makhleb
  5446 | D:6      | Found a glowing drain.
  5481 | Sewer    | Entered a sewer
  5573 | Sewer    | Noticed Purgy
  5578 | Sewer    | Killed Purgy
  5857 | D:6      | Found a large runed door.
  5858 | D:6      | Found a large runed door.
  5910 | D:6      | Found a large runed door.
  5911 | D:6      | Found a large runed door.
  6238 | D:6      | Found a deep blue altar of Sif Muna.
  6995 | D:7      | Found a snail-covered altar of Cheibriados.
  7018 | D:7      | Noticed Pikel
  7039 | D:7      | Killed Pikel
  7224 | D:7      | Reached XP level 10. HP: 97/106 MP: 9/9
  7472 | D:7      | Found a bloodstained altar of Trog.
  7784 | D:8      | Found a shattered altar of Ashenzari.
  7979 | D:8      | Reached *** piety under Makhleb
  8071 | D:8      | Noticed Psyche
  8083 | D:8      | Killed Psyche
  8083 | D:8      | Reached skill level 10 in Fighting
  8335 | D:8      | Found a glowing golden altar of the Shining One.
  8350 | D:8      | Found an ancient bone altar of Kikubaaqudgha.
  8460 | D:8      | Noticed a centaur warrior
  8461 | D:8      | Killed an unseen horror
  8469 | D:8      | Killed a centaur warrior
  8569 | D:8      | Reached skill level 5 in Invocations
  8688 | D:9      | Noticed a two-headed ogre
  8696 | D:9      | Killed a two-headed ogre
  8696 | D:9      | Reached XP level 11. HP: 100/117 MP: 12/14
  8711 | D:9      | Found a shimmering altar of Xom.
  8714 | D:9      | Noticed an angel
  8725 | D:9      | Found a glowing silver altar of Zin.
  8820 | D:9      | Found a staircase to the Lair.
  8825 | D:9      | Reached **** piety under Makhleb
  9323 | D:9      | Noticed Slunt's ghost (novice HaAK)
  9348 | D:9      | Killed Slunt's ghost
  9448 | D:9      | Found a radiant altar of Vehumet.
  9515 | D:9      | Found a staircase to the Orcish Mines.
  9836 | D:9      | Found a roughly hewn altar of Beogh.
 10111 | D:10     | Entered Level 10 of the Dungeon
 10722 | D:10     | Noticed Maurice
 10744 | D:10     | Killed Maurice
 11415 | D:11     | Noticed a red ugly thing
 11425 | D:10     | Mangled by a red ugly thing

Vault maps used:
D:1:      saegor_arrival_under_anarchy
D:2:      lemuel_doored_altar, corexii_corridor_pit, serial_bayou_pond_b,
          uniq_crazy_yiuf_cottage
D:3:      marbit_many_paths, chequers_ecumenical_altar_lobes,
          minmay_gold_behind_fungi
D:4:      lightli_minifort, uniq_duvessa
D:5:      kennysheep_windowed_halls, minmay_temple_entry_enclosed_plants,
          first_ration
D:6:      led_sif_pool, gup_sewer_entry_glass, minmay_hollow_rounded_squares
D:7:      slow_altar_1, kennysheep_little_box, grunt_ogre_cave, uniq_pikel
D:8:      hangedman_cross_veins, evilmike_ruin_ashenzari,
          kiku_gazebo_garden_becter, tso_oasis_becter, uniq_psyche
D:9:      grunt_temple_overflow_order_and_chaos_1, vehumet_crystals,
          minmay_lair_entry_grove, minmay_orc_entry_temple_small
D:10:     serial_bayou_lake_a, uniq_maurice
D:11:     serial_shops, shop
Temple:   minmay_temple_curvy_loop
Sewer:    kennysheep_door_sewer

Skill      XL: |  1  2  3  4  5  6  7  8  9 10 11 |
---------------+----------------------------------+-----
Unarmed Combat | 4 5 6 8 9 11 | 11.0
Fighting       | 4 8 10 | 10.1
Invocations    | 5 8 |  8.3
Dodging        | 4 |  4.8
Stealth        | |  1.0

Action                   |  1- 3 |  4- 6 |  7- 9 | 10-12 || total
-------------------------+-------+-------+-------+-------++-------
Melee: Unarmed           |   100 |   146 |   319 |   425 ||   990
       Punch             |     4 |     1 |    13 |    26 ||    44
Throw: Stone             |       |     6 |       |       ||     6
 Stab: Sleeping          |     3 |       |     5 |     2 ||    10
  Eat: Chunk             |    15 |    17 |    34 |    43 ||   109
Armor: Robe              |    32 |    30 |    58 |    75 ||   195
       Troll leather arm |       |       |    22 |    28 ||    50
Dodge: Dodged            |    55 |    86 |   143 |   194 ||   478

Table legend:
 A = Spawn XP
 B = Non-spawn XP
 C = Spawn XP percentage of total XP
 D = Spawn monster count
 E = Non-spawn monster count
 F = Spawn count percentage of total count
 G = Total turns spent on level
                    A         B        C        D         E        F      G
               +---------+---------+-------+---------+---------+-------+---------
         Total |       0 |   18107 |   0.0 |       0 |     315 |   0.0 | 11425
               +---------+---------+-------+---------+---------+-------+---------
           D:1 |       0 |      40 |   0.0 |       0 |      23 |   0.0 |   889
           D:2 |       0 |     143 |   0.0 |       0 |      30 |   0.0 |   716
           D:3 |       0 |     163 |   0.0 |       0 |      17 |   0.0 |  1055
           D:4 |       0 |    1147 |   0.0 |       0 |      44 |   0.0 |   990
           D:5 |       0 |    1633 |   0.0 |       0 |      29 |   0.0 |  1514
           D:6 |       0 |     913 |   0.0 |       0 |      18 |   0.0 |  1125
           D:7 |       0 |    1610 |   0.0 |       0 |      17 |   0.0 |   939
           D:8 |       0 |    6220 |   0.0 |       0 |      59 |   0.0 |  1131
           D:9 |       0 |    3876 |   0.0 |       0 |      38 |   0.0 |  1277
          D:10 |       0 |    2222 |   0.0 |       0 |      34 |   0.0 |  1312
         Sewer |       0 |     140 |   0.0 |       0 |       6 |   0.0 |   222
               +---------+---------+-------+---------+---------+-------+---------
